 Dungeon Crawl Stone Soup version 0.26.1-11-gd32895ea62 (webtiles) character file.

Game seed: 2440025789501200282

286 Zeld the Cleaver (level 6, -4/76 HPs)
             Began as a Minotaur Berserker on May 28, 2021.
             Was a Believer of Trog.
             Slain by a gnoll
             ... wielding a +0 halberd
              (8 damage)
             ... on level 3 of the Dungeon.
             The game lasted 00:01:57 (2717 turns).

Zeld the Cleaver (Minotaur Berserker)               Turns: 2717, Time: 00:01:58

Health: -4/76      AC:  1    Str: 24    XL:     6   Next: 8%
Magic:  5/5        EV: 12    Int:  4    God:    Trog [**....]
Gold:   103        SH:  0    Dex:  9    Spells: 5/5 levels left

rFire    . . .     SeeInvis .   a - +0 hand axe
rCold    . . .     Faith    .   (no shield)
rNeg     . . .     Spirit   .   (no armour)
rPois    .         Reflect  .   (helmet restricted)
rElec    .         Harm     .   h - +0 cloak
rCorr    .         Rampage  .   (no gloves)
Will     .....                  (no boots)
Stlth    ..........             (no amulet)
HPRegen  0.22/turn              (no ring)
MPRegen  0.09/turn              (no ring)

@: berserking, very quick
A: retaliatory headbutt, horns 2
a: Renounce Religion, Berserk, Trog's Hand


You were on level 3 of the Dungeon.
You worshipped Trog.
Trog was pleased with you.
You visited 1 branch of the dungeon, and saw 3 of its levels.

You collected 103 gold pieces.

Inventory:

Hand Weapons
 a - a +0 hand axe (weapon)
Armour
 h - a +0 cloak (worn)
Jewellery
 l - a +6 ring of dexterity {unknown}
Wands
 o - a wand of iceblast (11)
Scrolls
 c - a scroll of fear {unknown}
 d - 2 scrolls of identify {unknown}
 e - 2 scrolls of enchant weapon {unknown}
 g - 2 scrolls of remove curse {unknown}
 i - 8 scrolls of teleportation {unknown}
 j - a scroll of enchant armour {unknown}
 q - a scroll of fog {unknown}
 r - a scroll of amnesia {unknown}
Potions
 b - 4 potions of heal wounds {unknown}
 f - 2 potions of curing {unknown}
 k - 4 potions of lignification {unknown}
 m - a potion of mutation {unknown}
 n - a potion of magic {unknown}
 p - a potion of degeneration {unknown}


   Skills:
 - Level 3.6 Fighting
 * Level 8.3 Axes
 - Level 2.4 Armour
 - Level 2.1 Dodging


You had 5 spell levels left.
You didn't know any spells.
Your spell library was empty.

Dungeon Overview and Level Annotations

Branches:
Dungeon (3/15)

Altars:

Annotations:
D:3 1 runed translucent door, Crazy Yiuf


Innate Abilities, Weirdness & Mutations

You reflexively headbutt those who attack you in melee.
You have a pair of horns on your head.


Message History

You barely miss the gnoll. The gnoll hits you with a +0 flail.
* * * LOW HITPOINT WARNING * * *
You are too injured to fight recklessly!
You are too injured to fight recklessly!
You slash the gnoll!
You kill the gnoll!
Trog accepts your kill.
You barely miss the hound.
The gnoll hits you from afar with a +0 spear!
* * * LOW HITPOINT WARNING * * *
You slice the hound!!
You kill the hound!
Trog accepts your kill. The gnoll closely misses you.
You have reached level 6!
Your experience leads to an increase in your attributes!
Increase (S)trength, (I)ntelligence, or (D)exterity?
You feel stronger.
The gnoll hits you from afar with a +0 halberd!
You die...

#.# ##### #.#
########## ####.##
#........# #^....#
#.######.# ####..# #.#
#.#
###..######.######.#
#...............##.###
##....<#####.##.......#
#.....## #.##.@##.#.#
####..# ..##.g##.#.#
#.....# ......g..# #
####.## ....#...###
##'## .....#.#.#
###...## .#.###. ..
##.....## ## ## .#
#.......# .# .........#


You could see 2 gnolls.

Vanquished Creatures
  Sigmund (D:3)
  A hound (D:3)
  A gnoll (D:3)
  2 adders
  2 worms (D:2)
  4 leopard geckos
  An orc (D:3)
  2 giant cockroaches (D:2)
  8 goblins
  9 hobgoblins
  6 jackals
  6 kobolds
  A ball python (D:1)
  6 bats
  4 frilled lizards
  7 rats
61 creatures vanquished.

Notes
Turn   | Place    | Note
-------+----------+-------------------------------------------
     0 | D:1      | Zeld the Minotaur Berserker began the quest for the Orb.
     0 | D:1      | Reached XP level 1. HP: 19/19 MP: 0/0
   182 | D:1      | Reached skill level 4 in Axes
   236 | D:1      | Reached XP level 2. HP: 24/26 MP: 1/1
   456 | D:1      | Reached ** piety under Trog
   728 | D:1      | Reached skill level 5 in Axes
   844 | D:1      | Reached XP level 3. HP: 31/31 MP: 2/2
  1522 | D:2      | Found a faded altar of an unknown god.
  1583 | D:2      | Reached XP level 4. HP: 39/39 MP: 3/3
  1804 | D:2      | Reached skill level 6 in Axes
  2394 | D:3      | Noticed Sigmund
  2411 | D:3      | Killed Sigmund
  2412 | D:3      | Reached skill level 8 in Axes
  2412 | D:3      | Reached XP level 5. HP: 28/45 MP: 4/4
  2654 | D:3      | Found a runed translucent door.
  2655 | D:3      | Noticed Crazy Yiuf
  2715 | D:3      | HP: 3/67 [gnoll/+0 spear (7)]
  2717 | D:3      | Reached XP level 6. HP: 4/51 MP: 5/5
  2717 | D:3      | Slain by a gnoll

Illustrated notes

Levels and vault maps discovered:
D:1:      lightli_molten_gateway, layout_rooms
D:2:      layout_basic, chequers_ecumenical_altar_simple_redux,
          grunt_ministairs_14
D:3:      layout_loops_corners, makhleb_heckhound_becter,
          grunt_temple_overflow_open, uniq_sigmund, uniq_crazy_yiuf_cottage

Skill      XL: |  1  2  3  4 |
---------------+-------------+-----
Axes           | 4 5 8 |  8.3
Fighting       | |  3.6
Armour         | |  2.4
Dodging        | |  2.1

Action                   |  1- 3 |  4- 6 || total
-------------------------+-------+-------++-------
Melee: Hand axe          |    76 |    34 ||   110
       Headbutt          |     9 |     3 ||    12
Invok: Berserk           |     1 |     2 ||     3
Armor: Skin              |     4 |     3 ||     7
Dodge: Dodged            |    53 |    19 ||    72
